 Dungeon Crawl Stone Soup version 0.22-a0-448-g1fb7470 (webtiles) character file.

80 Giovanshire the Slasher (level 4, 0/33 HPs)
             Began as a Vampire Gladiator on June 4, 2018.
             Slain by a ball python (1 damage)
             ... on level 3 of the Dungeon.
             The game lasted 00:15:19 (1986 turns).

Giovanshire the Slasher (Vampire Gladiator)         Turns: 1986, Time: 00:15:20

Health: 0/33       AC:  9    Str: 13    XL:     4   Next: 18%
Magic:  0/4        EV:  4    Int: 10    God:
Gold:   69         SH:  0    Dex: 16    Spells: 3/3 levels left

rFire    . . .     SeeInvis +   a - +0 long sword
rCold    . . .     Gourm    .   (no shield)
rNeg     + . .     Faith    .   n - +0 chain mail
rPois    .         Spirit   +   c - +0 helmet
rElec    .         Reflect  .   (no cloak)
rCorr    .         Harm     .   (no gloves)
MR       +....                  (no boots)
Stlth    ..........             s - amulet of guardian spirit
HPRegen  0.11/turn              l - ring of protection from magic
MPRegen  0.09/turn              (no ring)

@: lethally poisoned (0 -> -4), constricted
A: fangs 3, see invisible, unbreathing
a: Bat Form


You were on level 3 of the Dungeon.
You were not thirsty.

You visited 1 branch of the dungeon, and saw 3 of its levels.

You collected 69 gold pieces.

Inventory:

Hand Weapons
 a - a +0 long sword (weapon)
 k - a +0 hunting sling
 q - a +0 quarterstaff
Missiles
 d - 3 throwing nets
 j - 54 arrows
 m - 58 stones (quivered)
Armour
 b - a +0 leather armour
 c - a +0 helmet (worn)
 g - a +0 leather armour
 i - a +0 leather armour
 n - a +0 chain mail (worn)
Jewellery
 l - a ring of protection from magic (left hand)
 r - a +5 ring of strength {unknown}
 s - an amulet of guardian spirit (around neck)
 u - a cursed -3 ring of evasion {unknown}
 v - a cursed ring of teleportation {unknown}
Scrolls
 t - a scroll of enchant weapon {unknown}
Potions
 e - a potion of blood
 f - a potion of haste {unknown}
 h - 2 potions of invisibility {unknown}
 o - a potion of heal wounds {unknown}
 p - a potion of brilliance {unknown}


   Skills:
 + Level 1.8 Fighting
 + Level 4.2 Long Blades
 + Level 0.2(1.1) Slings
 + Level 1.8 Throwing
 + Level 0.6 Armour
 + Level 3.7 Dodging
 + Level 0.4 Stealth
 * Level 0.1 Spellcasting


You had 3 spell levels left.
You didn't know any spells.
Your spell library was empty.

Dungeon Overview and Level Annotations

Branches:
Dungeon (3/15)

Altars:

Annotations:
D:3 Natasha


Innate Abilities, Weirdness & Mutations

You have razor-sharp teeth.
You have supernaturally acute eyesight. (SInv)
You can survive without breathing.


Message History

You hear a shout!
The bat hits you but does no damage.
Natasha casts a spell.
Unknown command.
The bat closely misses you.
You riposte.
You closely miss the bat.
The giant cockroach bites you but does no damage.
You feel sick.
The kobold shoots a poisoned needle.
The poisoned needle hits you.
You are lethally poisoned!
You see here a poisoned needle.
The bat hits you.
* * * LOW HITPOINT WARNING * * *
* * * LOW HITPOINT WARNING * * *
You feel sick. The bat hits you.
* * * LOW HITPOINT WARNING * * *
You feel sick. The ball python barely misses you.
You riposte.
You closely miss the ball python. You bite the ball python.
The ball python is severely wounded.
The ball python grabs you.
You die...

........... ..
#.........### ..
#........... ..
###.........### ..
#.##..........##..
#.##........†....!
#.b....g....†(†'..
#.#.K.r..(..####..
#@#sbhh..5.## ..
#S#...5.#..# ..
#.sKh)....## ..
###S.......# ..
#.##..##.# ..
#.#.#....# ##
#.#####... #.# ..
#.#


You could see an adder, a giant cockroach, a bat and a ball python.

Vanquished Creatures
  3 adders (D:2)
  A worm (D:2)
  3 dart slugs
  A leopard gecko (D:2)
  2 giant cockroaches
  8 goblins
  3 hobgoblins (D:2)
  2 jackals (D:2)
  5 kobolds
  A quokka (D:2)
  7 bats
  2 frilled lizards
  2 rats
40 creatures vanquished.

Notes
Turn   | Place    | Note
-------+----------+-------------------------------------------
     0 | D:1      | Giovanshire the Vampire Gladiator began the quest for the Orb.
     0 | D:1      | Reached XP level 1. HP: 16/16 MP: 1/1
    89 | D:1      | Reached XP level 2. HP: 9/22 MP: 2/2
  1020 | D:2      | Reached XP level 3. HP: 20/27 MP: 3/3
  1326 | D:2      | Reached skill level 4 in Long Blades
  1842 | D:2      | Reached XP level 4. HP: 24/33 MP: 2/4
  1955 | D:3      | Noticed Natasha
  1986 | D:3      | HP: 1/33 [poisoned by a kobold]
  1986 | D:3      | Slain by a ball python

Vault maps used:
D:1:      dpeg_arrival_shelter
D:2:      kennysheep_six_static_rooms
D:3:      nemelex_xobeh_ov_fountains_minmay, uniq_grinder, uniq_natasha

Skill      XL: |  1  2  3 |
---------------+----------+-----
Long Blades    | 4 |  4.2
Fighting       | |  1.8
Slings         | |  0.2
Throwing       | |  1.8
Armour         | |  0.6
Dodging        | |  3.7
Stealth        | |  0.4
Spellcasting   | |  0.1

Action                   |  1- 3 |  4- 6 || total
-------------------------+-------+-------++-------
Melee: Long sword        |    88 |    13 ||   101
       Bite              |     9 |     2 ||    11
 Fire: Hunting sling     |     7 |       ||     7
Throw: Stone             |     1 |       ||     1
  Use: Scroll            |     3 |       ||     3
 Stab: Sleeping          |     1 |       ||     1
  Eat: Corpse            |     3 |     2 ||     5
Armor: Leather armour    |    18 |       ||    18
       Chain mail        |    18 |    28 ||    46
Dodge: Dodged            |    79 |    18 ||    97
       Rpst.: Long sword |    24 |     8 ||    32

Table legend:
 A = Spawn XP
 B = Non-spawn XP
 C = Spawn XP percentage of total XP
 D = Spawn monster count
 E = Non-spawn monster count
 F = Spawn count percentage of total count
 G = Total turns spent on level
                    A         B        C        D         E        F      G
               +---------+---------+-------+---------+---------+-------+---------
         Total |       0 |     115 |   0.0 |       0 |      40 |   0.0 |  1986
               +---------+---------+-------+---------+---------+-------+---------
           D:1 |       0 |      29 |   0.0 |       0 |      15 |   0.0 |   986
           D:2 |       0 |      80 |   0.0 |       0 |      21 |   0.0 |   968
           D:3 |       0 |       6 |   0.0 |       0 |       4 |   0.0 |    32
               +---------+---------+-------+---------+---------+-------+---------
